 Dungeon Crawl Stone Soup version 0.18.1-50-g88ac8fd (webtiles) character file.

1362 Apert the Shield-Bearer (level 8, 0/70 HPs)
             Began as a Hill Orc Fighter on Oct 26, 2016.
             Slain by Edmund
             ... wielding a +1 flail of protection
              (6 damage)
             ... on level 5 of the Dungeon.
             The game lasted 00:11:37 (4447 turns).

Apert the Shield-Bearer (Hill Orc Fighter)          Turns: 4447, Time: 00:11:37

Health: 0/70       AC:  8    Str: 21    XL:     8   Next: 64%
Magic:  8/8        EV:  4    Int:  8    God:
Gold:   263        SH: 13    Dex: 10    Spells: 0 memorised, 7 levels left

rFire  x . .     SeeInvis .     d - +2 mace (crush)
rCold  + . .     Gourm    .     b - +0 scale mail
rNeg   . . .     Faith    .     c - +0 shield
rPois  .         Spirit   .     (no helmet)
rElec  .         Dismiss  .     s - +0 cloak
rCorr  .         Reflect  +     (no gloves)
SustAt .         Harm     .     (no boots)
MR     +....                    B - +3 amulet of reflection
Stlth  ..........               p - ring of protection from magic
                                e - ring of ice

@: somewhat resistant to hostile enchantments, extremely unstealthy
A: no striking features
a: Convert to Beogh


You were on level 5 of the Dungeon.
You were not hungry.

You visited 1 branch of the dungeon, and saw 5 of its levels.

You collected 263 gold pieces.

Inventory:

Hand Weapons
 a - a +0 flail
 d - a +2 mace of crushing (weapon)
 y - a +0 flail of protection
Armour
 b - a +0 scale mail (worn)
 c - a +0 shield (worn)
 s - a +0 cloak (worn)
Jewellery
 e - a ring of ice (left hand)
 p - a ring of protection from magic (right hand)
 t - an uncursed ring of ice
 B - a +3 amulet of reflection (around neck)
Scrolls
 h - a scroll of remove curse
 i - 3 scrolls of identify
 j - 2 scrolls of magic mapping {unknown}
 k - a scroll of amnesia {unknown}
 n - 2 scrolls of recharging {unknown}
 w - a scroll of enchant armour {unknown}
 z - a scroll of noise {unknown}
 C - a scroll of blinking {unknown}
Potions
 g - a potion of brilliance {unknown}
 l - 2 potions of curing
 m - 2 potions of mutation {unknown}
 r - a potion of magic {unknown}
 x - a potion of cancellation {unknown}
 A - a potion of cure mutation {unknown}
Comestibles
 f - 6 bread rations
 o - 2 meat rations
 q - a beef jerky
 u - 3 fruits


   Skills:
 + Level 6.1 Fighting
 + Level 5.0 Maces & Flails
 + Level 5.6 Armour
 + Level 3.9 Dodging
 + Level 6.7 Shields


You had 7 spell levels left.
You didn't know any spells.

Dungeon Overview and Level Annotations

Branches:
Dungeon (5/15)
 Temple: D:4-7

Altars:
Ashenzari
Cheibriados
Dithmenos
Elyvilon
Kikubaaqudgha
Okawaru
Xom
Yredelemnul
The Shining One

Annotations:
D:5 Edmund, Menkaure


Message History

You hit Edmund but do no damage.
Edmund is almost dead.
You block Edmund's attack.
Menkaure calls on the powers of darkness!
The orc wizard convulses!
Edmund convulses!
Your body is wracked with pain!
* * * LOW HITPOINT WARNING * * *
Menkaure shouts, "The curse of the Pharaohs be upon you!"
The orc wizard miscasts a cantrip.
The orc priest calls down the wrath of Beogh upon you.
Beogh smites you!
* * * LOW HITPOINT WARNING * * *
The orc wizard is no longer moving quickly.
You see here a long sword.
Menkaure calls on the powers of darkness!
Edmund convulses!
The orc priest convulses!
Your body is wracked with pain!
* * * LOW HITPOINT WARNING * * *
The orc wizard convulses!
There is a stone staircase leading up here.
Edmund hits you with a flail of protection.
You die...

#............# #####
##............#
#...#
#.............#
##....
##...........##
#..... #...........#
#.(..) ##..........#
##.....
##.........###).....
#.....)......#.....
##@@oM..o.####....#
#.......## #..###
#........# ####
....#.....#
#....####### #.....#
#.....# #......


You could see Edmund, Menkaure, an orc priest and an orc wizard.

Vanquished Creatures
  The ghost of Blank the Slasher, a novice HOFi (D:4)
  A phantom (D:4)
  A black bear (D:3)
  2 ogres (D:4)
  A centaur (D:3)
  Blork the orc (D:4)
  A howler monkey (D:4)
  3 vampire bats (D:4)
  A hound (D:4)
  Crazy Yiuf (D:2)
  Jessica (D:2)
  An iguana (D:4)
  3 worker ants (D:4)
  4 gnolls (D:3)
  7 adders
  An ooze (D:5)
  An adder skeleton (D:4)
  2 worms
  2 giant geckos
  5 orcs
  2 bat skeletons (D:4)
  4 bat zombies (D:4)
  6 giant cockroaches
  A goblin (D:3)
  5 hobgoblins
  23 jackals
  6 kobolds
  3 quokkas
  2 ball pythons (D:1)
  10 bats
  5 giant newts
  7 rats
  A bush (D:1)
  4 plants (D:1)
119 creatures vanquished.

Notes
Turn   | Place    | Note
--------------------------------------------------------------
     0 | D:1      | Apert the Hill Orc Fighter began the quest for the Orb.
     0 | D:1      | Reached XP level 1. HP: 19/19 MP: 1/1
    15 | D:1      | Reached XP level 2. HP: 20/27 MP: 2/2
   391 | D:1      | Reached XP level 3. HP: 28/33 MP: 3/3
   911 | D:2      | Reached skill level 1 in Dodging
   958 | D:2      | Reached XP level 4. HP: 27/40 MP: 4/4
  1226 | D:2      | Noticed Jessica
  1231 | D:2      | Killed Jessica
  1244 | D:2      | You fall through a shaft for 2 floors!
  1250 | D:4      | Reached XP level 5. HP: 45/47 MP: 5/5
  1344 | D:3      | Noticed a black bear
  1475 | D:4      | Found a shattered altar of Ashenzari.
  1476 | D:4      | Found a shimmering altar of Xom.
  1476 | D:4      | Found an iron altar of Okawaru.
  1787 | D:4      | Noticed an ogre
  1800 | D:4      | Killed an ogre
  1800 | D:4      | Reached XP level 6. HP: 26/53 MP: 6/6
  1834 | D:3      | Found a shadowy altar of Dithmenos.
  2303 | D:2      | Noticed Crazy Yiuf
  2313 | D:2      | Killed Crazy Yiuf
  2601 | D:3      | Reached skill level 5 in Fighting
  2608 | D:3      | Killed a black bear
  2608 | D:3      | Reached skill level 5 in Shields
  2608 | D:3      | Reached XP level 7. HP: 61/61 MP: 7/7
  2935 | D:3      | Found a snail-covered altar of Cheibriados.
  3048 | D:3      | Found a basalt altar of Yredelemnul.
  3113 | D:3      | Found a white marble altar of Elyvilon.
  3583 | D:4      | Found an ancient bone altar of Kikubaaqudgha.
  3598 | D:4      | Reached skill level 5 in Armour
  3607 | D:4      | Reached XP level 8. HP: 66/69 MP: 8/8
  3758 | D:4      | Found a glowing golden altar of the Shining One.
  3865 | D:4      | Noticed Blork the orc
  3878 | D:4      | Killed Blork the orc
  4151 | D:4      | Noticed Blank's ghost (novice HOFi)
  4199 | D:4      | Killed Blank's ghost
  4199 | D:4      | Reached skill level 5 in Maces & Flails
  4356 | D:5      | Entered Level 5 of the Dungeon
  4406 | D:5      | Noticed Edmund
  4408 | D:5      | Noticed Menkaure
  4447 | D:5      | Slain by Edmund

Skill      XL: |  1  2  3  4  5  6  7  8 |
---------------+-------------------------+-----
Fighting       | 4 5 6 |  6.1
Dodging        | 1 2 3 |  3.9
Shields        | 4 5 6 |  6.7
Maces & Flails | 3 4 5 |  5.0
Armour         | 4 5 |  5.6

Action                   |  1- 3 |  4- 6 |  7- 9 || total
-------------------------+-------+-------+-------++-------
Melee: Flail             |   274 |   114 |       ||   388
       Mace              |       |    39 |   212 ||   251
  Use: Potion            |       |     1 |       ||     1
       Scroll            |       |       |     1 ||     1
  Eat: Chunk             |     1 |     6 |     4 ||    11
       Royal jelly       |       |       |     1 ||     1
Armor: Scale mail        |    83 |    70 |    75 ||   228
Dodge: Dodged            |    71 |    57 |    77 ||   205
Block: Shield            |    80 |    91 |   134 ||   305
